002, lawful female human Valkyrie ----- |.... |.......... ----- |.............. )######a#|.... |.......... @-...| ..... #%#|.... --- - # #---.- # ##### # ## # # --------+---# |.{.........# |.<........| |..........| ------------ 002 the Skirmisher Experience level: 4 Strength: 17 Dexterity: 13 Constitution: 18 Intelligence: 9 Wisdom: 9 Charisma: 9 Health: 0(39) Energy: 9(9) Def: 4 Gold: 118 Moves: 2389 Dungeon seed: xQ4mMFnIuAfzj7rK Game ID: 002_1587136973 Your Inventory: Coins $ - 118 gold pieces Weapons a - a +1 long sword (weapon in hand) b - a +0 dagger p - a +0 orcish dagger Armor e - an uncursed +3 small shield (being worn) n - an uncursed +0 scale mail r - an uncursed +0 dwarvish cloak B - an uncursed +1 orcish helm Y - an uncursed +0 pair of iron shoes Comestibles d - an uncursed slime mold h - an uncursed pancake k - an uncursed banana l - 2 uncursed slime molds u - an uncursed lichen corpse Potions v - a blessed potion of paralysis A - a blessed potion of levitation Rings q - a cursed ring of polymorph Wands f - a wand of magic missile (0:0) t - a wand of undead turning (0:4) Tools o - an uncursed towel w - a +0 pick-axe Gems y - 2 uncursed worthless pieces of blue glass z - an uncursed worthless piece of violet glass N - an uncursed worthless piece of green glass Spells and supernatural/magical abilities: Name Level Category Fail Memory W - pray for help -- divine ? -- Your skills at the end: Fighting Skills Weapon Skills dagger [Basic] long sword [Basic] Spellcasting Skills Final Attributes: You were piously aligned. You were cold resistant. You were stealthy. You are dead. Vanquished creatures: an imp a giant ant a dwarf a giant bat an orc zombie a wererat an iguana 2 manes a large kobold a giant rat a brown mold a yellow mold a red mold 2 gnomes 2 garter snakes 2 geckos 5 jackals 2 foxes 2 goblins 6 grid bugs 4 lichens 2 kobold zombies 6 newts 47 creatures vanquished. Voluntary challenges: You used a wielded weapon 48 times, starting on turn 70. You were illiterate. You never genocided any monsters. You never polymorphed an object. You never changed form. You used no wishes. You never split a pudding. You never wrote Elbereth's name. You never violated your personal moral code. Dungeon overview: The Dungeons of Doom: levels 1 to 6 Level 1 an altar to Loki a long staircase Level 2 a wand shop, a fountain Level 3 a general store, a fountain Level 4 a fountain stairs to The Gnomish Mines Level 5 Level 6 <- You were here a fountain The Gnomish Mines: Level 5 stairs to The Dungeons of Doom History has recorded: On T:1 you entered the Dungeons of Doom to retrieve the Amulet of Yendor! On T:292 you reached level 2 of The Dungeons of Doom. On T:450 you advanced to experience level 2. On T:657 you reached level 3 of The Dungeons of Doom. On T:1009 you advanced to experience level 3. On T:1795 you reached level 4 of The Dungeons of Doom. On T:1831 you advanced to experience level 4. On T:1869 you reached level 1 of The Gnomish Mines. On T:2078 you reached level 5 of The Dungeons of Doom. On T:2305 you reached level 6 of The Dungeons of Doom. Score breakdown: Gold: 118 ( 7060 points) Experience: 4 levels ( 9649 points) Exploration: 6 levels ( 11.54%) ( 9393 points) Discoveries: 2 items ( 0.81%) ( 2705 points) Valuables value: (no points given unless you survive) Artifact value: 0 ( 0 points) Variety of kills: 23 monsters ( 6.04%) ( 7370 points) Turncount: 2389 turns ( -263 points) Survival: died (score multiplied by 80%) Total score: 28731 Latest messages: The killer bee stings! The killer bee's sting was poisoned! You miss the killer bee. The killer bee stings! You miss the killer bee. The killer bee stings! (2x) You miss the killer bee. The killer bee stings! The killer bee's sting was poisoned! You miss the killer bee. The killer bee stings! The killer bee misses. You hit the killer bee! The killer bee stings! You miss the killer bee. The killer bee just misses! The killer bee misses. You miss the killer bee. The killer bee misses. You miss the killer bee. The killer bee stings! You die... Final status: Farvel 002 the Valkyrie, killed by a killer bee... You died in The Dungeons of Doom on dungeon level 6 with 28731 points, and 118 pieces of gold, after 2389 moves. You were level 4 with a maximum of 39 hit points when you died.